 Dungeon Crawl Stone Soup version 0.24.0-1-gfbc8707122 (webtiles) character file.

Game seed: 6889407157917150208, levelgen mode: deterministic

26821 OleJ the Carver (level 12, -8/103 HPs)
             Began as a Demigod Fighter on Oct 29, 2019.
             Mangled by a komodo dragon simulacrum (23 damage)
             ... on level 2 of the Lair of Beasts.
             The game lasted 00:47:55 (16208 turns).

OleJ the Carver (Demigod Fighter)                  Turns: 16208, Time: 00:47:55

Health: -8/103     AC: 25    Str: 32    XL:     12   Next: 64%
Magic:  15/15      EV: 13    Int: 12    God:
Gold:   353        SH: 15    Dex: 15    Spells: 11/11 levels left

rFire    + + .     SeeInvis +   F - +7 double sword (protect)
rCold    . . .     Gourm    .   c - +2 shield
rNeg     . . .     Faith    .   G - +1 chain mail "Rajoj" {rF++ rCorr}
rPois    .         Spirit   .   W - +2 helmet {SInv}
rElec    .         Reflect  .   P - +0 cloak
rCorr    +         Harm     .   (no gloves)
MR       ++...                  T - +0 pair of boots
Stlth    ..........             (no amulet)
HPRegen  0.27/turn              I - +3 ring of evasion
MPRegen  0.14/turn              h - ring of protection from magic

@: mighty, protection aura, hasted, very quick
A: talons 1, blink, high mp 1
a: Blink


You were on level 2 of the Lair of Beasts.
You were not hungry.

You visited 2 branches of the dungeon, and saw 15 of its levels.

You collected 729 gold pieces.
You spent 376 gold pieces at shops.

Inventory:

Hand Weapons
 j - a +2 hand axe of freezing
 F - a +7 double sword of protection (weapon)
Missiles
 s - 10 curare-tipped darts (quivered)
Armour
 c - a +2 shield (worn)
 G - the +1 chain mail "Rajoj" (worn) {rF++ rCorr}
   (You found it on level 5 of the Dungeon)

   It greatly protects you from fire.
   It provides partial protection from all sources of acid and corrosion.
 P - a +0 cloak (worn)
 Q - a +3 chain mail of poison resistance
 R - a +3 plate armour
 T - a +0 pair of boots (worn)
 W - a +2 helmet of see invisible (worn)
Jewellery
 e - a +2 ring of intelligence
 g - an uncursed ring of fire
 h - a ring of protection from magic (right hand)
 r - an uncursed ring of magical power
 t - an uncursed ring of magical power
 E - an uncursed ring of protection from cold
 I - a +3 ring of evasion (left hand)
 U - an uncursed ring of protection from fire {unknown}
 V - an uncursed amulet of the gourmand {unknown}
 Z - an uncursed amulet of magic regeneration {unknown}
Wands
 f - a wand of random effects (17)
 u - a wand of digging (10)
 y - a wand of iceblast (7)
 C - a wand of flame (28)
Scrolls
 b - a scroll of random uselessness {unknown}
 n - a scroll of blinking {unknown}
 p - 7 scrolls of remove curse
 q - 9 scrolls of identify
 v - a scroll of enchant armour
 z - a scroll of teleportation
 A - a scroll of fear
 B - 4 scrolls of magic mapping
 D - a scroll of vulnerability {unknown}
 H - 2 scrolls of immolation {unknown}
 J - a scroll of fog {unknown}
 M - a scroll of amnesia
 N - a scroll of holy word {unknown}
 O - a scroll of summoning {unknown}
 X - a scroll of brand weapon {unknown}
 Y - a scroll of enchant weapon
Potions
 k - 7 potions of curing
 l - 2 potions of resistance
 m - 3 potions of magic
 o - a potion of berserk rage {unknown}
 w - 3 potions of agility
 L - 2 potions of cancellation
 S - 2 potions of invisibility
Comestibles
 x - 28 rations


   Skills:
 + Level 8.6 Fighting
 + Level 12.7 Long Blades
 - Level 3.4 Axes
 + Level 1.5 Throwing
 + Level 8.0 Armour
 + Level 4.3 Dodging
 + Level 1.6 Stealth
 + Level 9.9 Shields


You had 11 spell levels left.
You didn't know any spells.
Your spell library contained the following spells:

 Spells                   Type           Power        Failure   Level  Hunger
 Infusion                 Chrm           #...         94%         1    ##.....
 Magic Dart               Conj           #...         94%         1    ##.....
 Blink                    Tloc           N/A          98%         2    ###....
 Call Imp                 Summ           #.......     98%         2    ###....
 Poisonous Vapours        Pois/Air       #.....       98%         2    ###....
 Shroud of Golubria       Chrm/Tloc      #.....       98%         2    ###....
 Slow                     Hex            #.......     98%         2    ###....
 Song of Slaying          Chrm           #.......     98%         2    ###....
 Conjure Flame            Conj/Fire      #.......     100%        3    ####...
 Mephitic Cloud           Conj/Pois/Air  #.......     100%        3    ####...
 Regeneration             Chrm/Necr      #.........   100%        3    ####...
 Spectral Weapon          Hex/Chrm       #.......     100%        3    ####...
 Freezing Cloud           Conj/Ice/Air   #.........   100%        6    #######
 Ring of Flames           Chrm/Fire      #.........   100%        7    #######


Dungeon Overview and Level Annotations

Branches:
Dungeon (13/15)            Temple (0/1) D:7            Lair (2/6) D:11
    Orc (0/2) D:12
  Swamp: Lair:2-4    Shoals: Lair:2-4     Snake: Lair:2-4    Spider: Lair:2-4
 Vaults: D:13-14

Shops:
D:6 :   D:11 ?*?

Annotations:
D:9 exclusion: oklob plant
Lair:2 Cato's ghost, journeyman DECj


Innate Abilities, Weirdness & Mutations

You have an increased reservoir of magic. (+10% MP)
You have sharp toenails.
You can translocate small distances at will.


Message History

You feel very mighty all of a sudden. You block Cato's ghost's attack.
You feel better.
Cato's ghost points at you and mumbles some strange words.
The magic dart hits you!
* * * LOW HITPOINT WARNING * * *
You feel yourself speed up.
Cato's ghost points at you and mumbles some strange words.
The magic dart hits you but does no damage.
Unknown command.
You slice Cato's ghost!!
Your weapon exudes an aura of protection.
Cato's ghost is moderately damaged.
Cato's ghost hits you but does no damage.
You closely miss Cato's ghost.
Cato's ghost is moderately damaged.
The komodo dragon simulacrum bites you.
* * * LOW HITPOINT WARNING * * *
The komodo dragon simulacrum freezes you!!
You die...

........#.#.....######...####....
.P.##....#......## ##....# #....
.####.#......##..## #....####....
#.##........P#....# #...#.##.....
#.....##.....#....###...####.....
...#.##............##..## #.....
.####.#................# #.....
## ##.................# #.....
#P.........W@.....## #.....
###..........Z.....# ##P..#
#.................## #P...#
##.................# ###.##
#..............#.## #.##
#.............##.P# ###
##...........###.P##
##..........##.Z..###
#.......######W....###


You could see Cato's ghost and a komodo dragon simulacrum.

Vanquished Creatures
  A fire dragon (D:11)
  2 centaur warriors (D:13)
  A hydra (D:12)
  2 two-headed ogres
  A deep elf mage (D:10)
  2 manticores
  3 ugly things
  An oklob plant (Lair:2)
  4 cyclopes
  3 slime creatures (D:12)
  Joseph (D:9)
  A centaur zombie (D:12)
  3 black mambas
  A spiny frog (shapeshifter) (D:12)
  2 spiny frogs
  A gargoyle (D:13)
  2 komodo dragons (Lair:1)
  A rime drake (shapeshifter) (D:12)
  2 trolls
  Prince Ribbit (Lair:1)
  4 hippogriffs
  12 blink frogs
  A meliai zombie (D:13)
  11 yaks
  2 wraiths (D:12)
  2 wyverns
  A shadow (D:11)
  A basilisk (Lair:1)
  A human (D:10)
  A hungry ghost (D:11)
  A steam dragon (D:7)
  A soldier ant (D:12)
  2 water moccasins
  3 porcupines
  8 ice beasts
  6 orc warriors
  2 sky beasts
  2 black bears
  A phantom (D:3)
  9 ogres
  A necrophage (D:10)
  A black mamba simulacrum (Lair:2)
  5 centaurs
  A crocodile (Lair:1)
  5 big kobolds
  12 bullfrogs
  2 gnoll sergeants (D:12)
  3 scorpions
  A water moccasin skeleton (D:4)
  A killer bee (D:7)
  3 wights
  4 howler monkeys
  5 crimson imps
  2 bullfrog zombies
  2 jellies
  10 hounds
  4 centaur skeletons
  5 orc priests
  3 bullfrog skeletons
  5 orc wizards
  Jessica (D:2)
  5 iguanas
  8 worker ants
  Terence (D:2)
  A worker ant zombie (D:9)
  7 gnolls
  15 adders
  4 shadow imps
  3 oozes
  2 worms
  4 dart slugs
  5 leopard geckos
  27 orcs
  8 bats
  10 giant cockroaches
  7 goblins
  7 hobgoblins
  17 jackals
  7 quokkas
  5 frilled lizards
  21 kobolds
  2 leopard gecko skeletons (D:4)
  A quokka skeleton (D:10)
  4 rats
  A bush (Lair:2)
354 creatures vanquished.

Vanquished Creatures (others)
  A hydra (D:13)
  A spectral hydra (Lair:2)
  A fungus (Lair:2)
  2 plants (Lair:2)
5 creatures vanquished.

Grand Total: 359 creatures vanquished

Notes
Turn   | Place    | Note
-------+----------+-------------------------------------------
     0 | D:1      | OleJ the Demigod Fighter began the quest for the Orb.
     0 | D:1      | Reached XP level 1. HP: 18/18 MP: 3/3
   335 | D:1      | Reached XP level 2. HP: 26/26 MP: 4/4
   698 | D:2      | Reached skill level 2 in Long Blades
   705 | D:2      | Found a shimmering blue altar of Sif Muna.
   849 | D:2      | Reached XP level 3. HP: 27/31 MP: 5/5
   882 | D:2      | Found a shimmering altar of Xom.
   882 | D:2      | Noticed Terence
   906 | D:2      | Killed Terence
  1270 | D:2      | Reached XP level 4. HP: 33/38 MP: 6/6
  1593 | D:2      | Found a sparkling altar of Nemelex Xobeh.
  1642 | D:2      | Noticed Jessica
  1649 | D:2      | Killed Jessica
  1805 | D:3      | Reached XP level 5. HP: 13/45 MP: 7/7
  2033 | D:3      | Noticed a phantom
  2080 | D:3      | Killed a phantom
  2080 | D:3      | Reached skill level 1 in Axes
  2080 | D:3      | Reached skill level 1 in Dodging
  2547 | D:3      | Reached XP level 6. HP: 44/51 MP: 8/8
  3221 | D:4      | Found a glowing golden altar of the Shining One.
  4205 | D:5      | Entered Level 5 of the Dungeon
  4350 | D:5      | Reached XP level 7. HP: 44/58 MP: 9/9
  4972 | D:5      | Got a warped chain mail
  5069 | D:5      | Identified the cursed +1 chain mail "Rajoj" {rF++ rCorr}
                  | (You found it on level 5 of the Dungeon)
  5085 | D:5      | Identified a scroll of acquirement
  5147 | D:6      | Found an ornate altar of the Wu Jian Council.
  5478 | D:6      | Reached skill level 3 in Long Blades
  5556 | D:6      | Reached skill level 5 in Shields
  5747 | D:6      | Found Buciosod's Book Boutique.
  5880 | D:7      | Found a staircase to the Ecumenical Temple.
  5908 | D:7      | Reached skill level 4 in Long Blades
  5908 | D:7      | Reached XP level 8. HP: 45/67 MP: 10/10
  6580 | D:7      | Reached skill level 5 in Armour
  7262 | D:8      | Gained mutation: You have sharp toenails. [potion of
                  | mutation]
  7262 | D:8      | Gained mutation: You can translocate small distances at
                  | will. [potion of mutation]
  7310 | D:8      | Noticed a two-headed ogre
  7326 | D:8      | Killed a two-headed ogre
  7326 | D:8      | Reached skill level 5 in Fighting
  7326 | D:8      | Reached skill level 5 in Long Blades
  7326 | D:8      | Reached skill level 1 in Stealth
  7366 | D:8      | Reached XP level 9. HP: 63/74 MP: 11/11
  7401 | D:8      | Found an iron altar of Okawaru.
  7444 | D:8      | Reached skill level 1 in Throwing
  7466 | D:8      | Found a flagged portal.
  7611 | D:8      | Reached skill level 6 in Long Blades
  8148 | D:8      | Found an ancient bone altar of Kikubaaqudgha.
  8149 | D:8      | Found a stormy altar of Qazlal.
  8603 | D:9      | Reached skill level 7 in Long Blades
  8614 | D:9      | Found a shadowy altar of Dithmenos.
  8657 | D:9      | Found a snail-covered altar of Cheibriados.
  8665 | D:9      | Noticed Joseph
  8681 | D:10     | Entered Level 10 of the Dungeon
  8749 | D:10     | Noticed a deep elf mage
  8757 | D:10     | Killed a deep elf mage
  8776 | D:10     | Reached XP level 10. HP: 80/83 MP: 13/13
  9467 | D:11     | Found Voelom's Magic Scroll Shoppe.
  9473 | D:10     | Reached skill level 8 in Long Blades
  9557 | D:9      | Killed Joseph
  9905 | D:9      | Found a blossoming altar of Fedhas.
  9917 | D:9      | Noticed an oklob plant
 10040 | D:11     | Noticed a red ugly thing
 10053 | D:11     | Killed a red ugly thing
 10070 | D:11     | Reached skill level 9 in Long Blades
 10079 | D:11     | Found a staircase to the Lair.
 10080 | D:11     | Noticed a fire dragon
 10086 | D:11     | Noticed a two-headed ogre
 10094 | D:11     | Killed a fire dragon
 10301 | D:11     | Killed a two-headed ogre
 10468 | D:11     | Bought a scroll of enchant weapon for 97 gold pieces
 10468 | D:11     | Bought a scroll of teleportation for 39 gold pieces
 10579 | D:11     | Noticed a brown ugly thing
 10588 | D:11     | Killed a brown ugly thing
 10588 | D:11     | Reached XP level 11. HP: 81/91 MP: 14/14
 10619 | D:11     | Found Asioq's Magic Scroll Emporium.
 10627 | D:11     | Bought a scroll of enchant weapon for 120 gold pieces
 10627 | D:11     | Bought a scroll of enchant weapon for 120 gold pieces
 10712 | D:11     | Found Qeofaonk's General Store.
 10766 | D:11     | Reached skill level 10 in Long Blades
 11933 | D:12     | Noticed a four-headed hydra
 11953 | D:12     | Killed a nine-headed hydra
 12183 | D:12     | Reached skill level 11 in Long Blades
 12412 | D:12     | Found a staircase to the Orcish Mines.
 12659 | D:13     | Noticed a centaur warrior
 12669 | D:13     | Killed a centaur warrior
 12953 | D:13     | Killed a six-headed hydra
 13022 | D:13     | Reached XP level 12. HP: 75/101 MP: 15/15
 13160 | D:13     | Noticed a centaur warrior
 13166 | D:13     | Noticed a centaur warrior
 13445 | D:13     | Noticed a five-headed hydra
 13448 | D:13     | Killed a centaur warrior
 13874 | D:13     | Noticed a six-headed hydra
 14037 | Lair:1   | Entered Level 1 of the Lair of Beasts
 14180 | Lair:1   | Reached skill level 12 in Long Blades
 14679 | Lair:1   | Noticed Prince Ribbit
 14706 | Lair:1   | Killed Prince Ribbit
 15167 | Lair:2   | Found a runed translucent gate.
 15167 | Lair:2   | Found a runed translucent gate.
 15169 | Lair:2   | Found a runed translucent gate.
 15179 | Lair:2   | Noticed Cato's ghost (journeyman DECj)
 16208 | Lair:2   | Mangled by a komodo dragon simulacrum

Levels and vault maps discovered:
D:1:      wander_arrival_peaceful_grave, layout_loops_ring
D:2:      minmay_roachtagon, layout_loops_corners, xom_butterflies,
          nemelex_xobeh_ov_fountains_minmay, lemuel_crystal_altar, uniq_jessica,
          uniq_terence
D:3:      layout_basic, first_ration
D:4:      layout_layer_cave, lemuel_crystal_altar, minmay_checkerbox
D:5:      layout_basic, dk_vineyard_3, minivault_5
D:6:      wad_crossroads, layout_rooms, serial_shops,
          nicolae_shop_window_shopping, basic_altar
D:7:      layout_loops_ring, st_stairs_4
D:8:      layout_cave_pods, okawaru_ov_weapons_minmay,
          gammafunk_temple_overflow_statue, enter_bailey_6
D:9:      layout_long_grid, lemuel_crystal_altar, grunt_dithmenos_smoke,
          tgw_fedhas, uniq_joseph
D:10:     layout_small_grid, hangedman_stone_soup
D:11:     layout_roguey, minmay_lair_entry_lava, serial_shops, shop_fountains,
          shop_statue, kennysheep_mini
D:12:     minmay_diamond_stairs, layout_loops_cross,
          kennysheep_orc_monster_closet_entryway
D:13:     minmay_stepped, layout_basic, gauntlet_entry_generic, special_room
          [special_room_orc], drop_trap, minmay_rotating_lava, uniq_jorgrun
Lair:1:   layout_regular_city, lemuel_fruit_tree, uniq_prince_ribbit2
Lair:2:   layout_cave_pods, gammafunk_ghost_necromancy, minmay_lair_oklob_items,
          serial_bayou_shore_a

Skill      XL: |  1  2  3  4  5  6  7  8  9 10 11 12 |
---------------+-------------------------------------+-----
Fighting       | 3 4 5 6 7 8 |  8.6
Long Blades    | 2 4 5 7 9 11 12 | 12.7
Shields        | 3 4 5 6 7 9 |  9.9
Armour         | 3 4 6 7 8 |  8.0
Axes           | 1 3 |  3.4
Dodging        | 1 2 3 4 |  4.3
Stealth        | 1 |  1.6
Throwing       | 1 |  1.5

Action                   |  1- 3 |  4- 6 |  7- 9 | 10-12 || total
-------------------------+-------+-------+-------+-------++-------
Melee: Long sword        |   110 |    13 |       |       ||   123
       Hand axe          |       |   175 |    34 |       ||   209
       Double sword      |       |       |   291 |   667 ||   958
       Kick              |       |       |    69 |     1 ||    70
Throw: Dart              |     4 |     3 |    12 |     3 ||    22
 Abil: Blink             |       |       |       |     7 ||     7
  Use: Scroll            |     5 |     2 |    14 |    10 ||    31
       Potion            |       |       |     7 |    10 ||    17
  Eat: Ration            |     1 |       |     1 |     2 ||     4
       Chunk             |       |     7 |    12 |    21 ||    40
Armor: Scale mail        |    49 |    60 |       |       ||   109
       Leather armour    |       |     6 |     7 |       ||    13
       Chain mail        |       |       |   166 |   283 ||   449
Dodge: Dodged            |    38 |    47 |   121 |   296 ||   502
Block: Shield            |    74 |   101 |   240 |   503 ||   918
       Rpst.: Long sword |     9 |       |       |       ||     9
       Double sword      |       |       |    30 |    67 ||    97
